 Dungeon Crawl Stone Soup version 0.23-a0-108-gf7ee2ed (webtiles) character file.

57363 Amnesiac the Destroyer (level 14, 0/108 HPs)
             Began as a Mummy Air Elementalist on Aug 21, 2018.
             Was a High Priest of Sif Muna.
             Killed from afar by an orc wizard (2 damage)
             ... with a puff of flame
             ... led by an orc warlord
             ... on level 1 of the Orcish Mines.
             The game lasted 00:49:46 (32199 turns).

Amnesiac the Destroyer (Mummy Air Elementalist)    Turns: 32199, Time: 00:49:47

Health: 0/108      AC:  7    Str: 12    XL:     14   Next: 45%
Magic:  1/28       EV: 17    Int: 19    God:    Sif Muna [*****.]
Gold:   1104       SH:  0    Dex: 12    Spells: 7/34 levels left

rFire    + . .     SeeInvis .   b - staff of wizardry
rCold    + . .     Gourm    .   (no shield)
rNeg     + + +     Faith    .   n - +1 robe {MR+}
rPois    ∞         Spirit   .   C - +0 helmet
rElec    .         Reflect  .   (no cloak)
rCorr    .         Harm     +   (no gloves)
MR       ++...                  s - +2 pair of boots
Stlth    ++........             E - amulet of harm
HPRegen  0.28/turn              o - ring of protection from fire
MPRegen  0.21/turn              x - ring of protection from fire

@: very slightly contaminated, no casting
A: no food or potions, fire vulnerability, cold resistance 1, negative energy
resistance 3, torment resistance, unbreathing, in touch with death 1
a: Stop Divine Energy, Channel Magic, Forget Spell, Renounce Religion


You were on level 1 of the Orcish Mines.
You worshipped Sif Muna.
Sif Muna was extremely pleased with you.
You were not hungry.

You visited 4 branches of the dungeon, and saw 19 of its levels.

You collected 1104 gold pieces.

Inventory:

Hand Weapons
 w - a +1 scimitar of flaming
Armour
 n - a +1 robe of magic resistance (worn)
 s - a +2 pair of boots (worn)
 C - a +0 helmet (worn)
Magical Staves
 a - an uncursed staff of conjuration
 b - an uncursed staff of wizardry (weapon)
Jewellery
 l - an uncursed ring of resist corrosion
 o - a ring of protection from fire (left hand)
 p - a +5 ring of evasion
 x - a ring of protection from fire (right hand)
 E - an amulet of harm (around neck)
Wands
 f - a wand of acid (22)
 h - a wand of polymorph (8)
 k - a wand of flame (37)
 q - a wand of iceblast (27)
 v - a wand of paralysis (29)
 y - a wand of disintegration (12)
 F - a wand of enslavement (16)
Scrolls
 c - a scroll of vulnerability {!r}
 d - 10 scrolls of remove curse {!r}
 g - 7 scrolls of amnesia {!r}
 i - a scroll of acquirement {!r}
 j - 6 scrolls of teleportation {!r}
 m - 2 scrolls of fog {!r}
 r - 4 scrolls of enchant armour {!r}
 t - 4 scrolls of magic mapping {!r}
 z - a scroll of enchant weapon {!r}
 D - 2 scrolls of identify {!r}


   Skills:
 - Level 9.0 Fighting
 - Level 9.0 Dodging
 - Level 1.5 Stealth
 + Level 10.8 Spellcasting
 * Level 10.9 Conjurations
 * Level 10.9 Air Magic
 - Level 8.5 Invocations


You had 7 spell levels left.
You knew the following spells:

 Your Spells              Type           Power        Failure   Level  Hunger
a - Airstrike             Air            ######....   1%          4    N/A
b - Deflect Missiles      Chrm/Air       ####......   38%         6    N/A
c - Confusing Touch       Hex            ##....       2%          1    N/A
d - Lightning Bolt        Conj/Air       ######....   1%          5    N/A
e - Orb of Destruction    Conj           ######....   26%         7    N/A
v - Blink                 Tloc           N/A          4%          2    N/A
z - Swiftness             Chrm/Air       ####....     1%          2    N/A

Your spell library contained the following spells:

 Spells                   Type           Power        Failure   Level  Hunger
 Magic Dart               Conj           ####         1%          1    N/A
 Shock                    Conj/Air       ####         1%          1    N/A
 Poisonous Vapours        Pois/Air       ####..       1%          2    N/A
 Searing Ray              Conj           ######       1%          2    N/A
 Throw Frost              Conj/Ice       ####..       1%          2    N/A
 Dazzling Spray           Conj/Hex       ####..       1%          3    N/A
 Mephitic Cloud           Conj/Pois/Air  #####...     1%          3    N/A
 Static Discharge         Conj/Air       ######..     1%          3    N/A
 Stone Arrow              Conj/Erth      ####..       1%          3    N/A
 Iskenderun's Mystic Bla  Conj           ######..     1%          4    N/A
 Freeze                   Ice            ##..         2%          1    N/A
 Infusion                 Chrm           ##..         2%          1    N/A
 Summon Butterflies       Summ           ##......     2%          1    N/A
 Throw Icicle             Conj/Ice       ####....     2%          4    N/A
 Shroud of Golubria       Chrm/Tloc      ##........   4%          2    N/A
 Song of Slaying          Chrm           ##......     4%          2    N/A
 Conjure Ball Lightning   Conj/Air       ######....   4%          6    N/A
 Call Canine Familiar     Summ           ##......     9%          3    N/A
 Confuse                  Hex            ##......     9%          3    N/A
 Gell's Gravitas          Tloc           ##........   9%          3    N/A
 Lesser Beckoning         Tloc           ##........   9%          3    N/A
 Ozocubu's Armour         Chrm/Ice       ##......     9%          3    N/A
 Spectral Weapon          Hex/Chrm       ##......     9%          3    N/A
 Teleport Other           Tloc           ##......     9%          3    N/A
 Silence                  Hex/Air        ####......   9%          5    N/A
 Bolt of Magma            Conj/Fire/Erth ###.......   16%         5    N/A
 Passage of Golubria      Tloc           N/A          26%         4    N/A
 Petrify                  Tmut/Erth      ##......     26%         4    N/A
 Summon Ice Beast         Ice/Summ       ##......     26%         4    N/A
 Excruciating Wounds      Chrm/Necr      ###.......   56%         5    N/A
 Metabolic Englaciation   Hex/Ice        ##........   56%         5    N/A
 Summon Mana Viper        Hex/Summ       ##......     56%         5    N/A
 Yara's Violent Unravell  Hex/Tmut       ##........   56%         5    N/A
 Simulacrum               Ice/Necr       ###.......   98%         6    N/A
 Summon Hydra             Summ           ##........   100%        7    N/A
 Fire Storm               Conj/Fire      ####......   100%        9    N/A
 Tornado                  Air            ######....   100%        9    N/A
 Regeneration             Chrm/Necr      Unusable     N/A         3    N/A

Dungeon Overview and Level Annotations

Branches:
Dungeon (11/15)            Temple (1/1) D:5            Lair (6/6) D:8
  Swamp (0/4) Lair:3       Spider (0/4) Lair:3        Slime (0/5) Lair:5
    Orc (1/2) D:9

Altars:
Ashenzari
Cheibriados
Dithmenos
Elyvilon
Fedhas
Gozag
Hepliaklqana
Kikubaaqudgha
Makhleb
Nemelex Xobeh
Okawaru
Qazlal
Ru
Sif Muna
Trog
Uskayaw
Vehumet
Wu Jian
Xom
Yredelemnul
Zin
The Shining One
Jiyva

Shops:
D:5 (


Innate Abilities, Weirdness & Mutations

You do not eat or drink.
Your flesh is vulnerable to fire.
You are immune to poison.
Your flesh is cold resistant. (rC+)
You are immune to negative energy. (rN+++)
You are immune to unholy pain and torment.
You can survive without breathing.
You are in touch with the powers of death.


Message History

The orc barely misses your orc wizard.
The orc warlord roars a battlecry!
The orc sorcerer hits your orc with a dagger.
Your orc dies!
Your orc's corpse dissolves into shadows!
What are your orders? t - Shout!
Orders for allies: a - Attack new target. r - Retreat! s - Stop attacking. g - Guard the area. f - Follow me.
Anything else - Cancel.
Guard this area!
Your orc throws a tomahawk.
The tomahawk hits the orc warrior but does no damage.
The tomahawk dissolves into shadows!
The ogre hits your orc warrior but does no damage.
The orc misses you.
The orc dies!
Sif Muna accepts your kill.
The orc warrior dies!
Sif Muna accepts your kill.
The ogre dies!
Sif Muna accepts your kill. The orc completely misses your orc.
The ogre dies!
Sif Muna accepts your kill.
Found 21 gold pieces.
Casting: Lightning Bolt (safe; 1% risk of failure)
Confirm with . or Enter, or press ? or * to list all spells.
Aiming: Lightning Bolt (safe; 1% risk of failure)
Press: ? - help, Shift-Dir - straight line Really fire in your orc's direction?
You hear a mighty clap of thunder!
The bolt of lightning hits the orc warlord.
You kill the orc warlord!
Sif Muna accepts your kill. The bolt of lightning hits your orc.
You kill your orc!
Your orc's corpse dissolves into shadows!
Sif Muna grants you divine energy.
You briefly lose access to your magic!
Your orc throws a tomahawk.
The tomahawk hits the orc but does no damage.
The tomahawk dissolves into shadows!
The orc hits your orc.
The orc warrior dies!
Sif Muna accepts your kill.
The orc dies!
Sif Muna accepts your kill.
The orc sorcerer barely misses your orc.
The orc barely misses your orc wizard.
Your orc wizard mumbles some strange words.
Your orc wizard blinks!
Unknown command.
Evoke which item? (* to show all) (? for menu, Esc to quit)
Aiming: Iceblast
Press: ? - help, Shift-Dir - straight line The mass of ice explodes!
The iceblast engulfs the orc priest.
You kill the orc priest!
Sif Muna accepts your kill.
Your orc throws a tomahawk.
The tomahawk hits the orc warrior.
The tomahawk dissolves into shadows!
The orc sorcerer barely misses your orc wizard.
You hear some strange, mumbled words.
A puff of flame appears from out of thin air!
The puff of flame hits you! You resist.
You die...

.........$.....>..
..$.................
...#................
#.$.......>.........
#.................$..
......(..............
...........#..
##[.........
##))#.......#
#.))##.###.##


You could see an orc sorcerer, an orc warrior, 2 orcs, 3 friendly orc warriors,
2 friendly orc wizards and 2 friendly orcs.

Vanquished Creatures
  An orc warlord (Orc:1)
  The ghost of Viudeg the Spry, a journeyman MiCK of Xom (Lair:5)
  The ghost of PeterMcNeter the Severer, a journeyman DDFi of Makhleb (Lair:5)
  Erolcha (Orc:1)
  4 hydras
  2 two-headed ogres
  4 catoblepae
  Erica (D:8)
  9 death yaks
  An orc high priest (Orc:1)
  Sonja (D:10)
  Nergalle (Lair:1)
  An unseen horror (D:10)
  A lindwurm (Lair:2)
  Pikel (D:7)
  An ugly thing (D:10)
  2 manticores (Lair:6)
  A centaur zombie (D:11)
  3 elephants (Lair:3)
  A torpor snail (Lair:6)
  7 black mambas
  14 spiny frogs
  9 komodo dragons
  6 rime drakes
  2 queen bees
  Grinder (D:6)
  2 trolls (D:10)
  4 polar bears
  3 meliai (Lair:6)
  11 blink frogs
  9 hippogriffs
  33 yaks
  2 wyverns
  2 hungry ghosts (D:10)
  Edmund (D:6)
  Menkaure (D:7)
  4 vampire mosquitoes (Lair:3)
  2 wargs
  7 porcupines
  10 water moccasins
  4 ice beasts
  3 black bears (D:6)
  10 orc warriors
  2 phantoms
  4 slaves (D:7)
  An eye of draining (D:9)
  3 sky beasts
  7 ogres
  20 wolves
  3 centaurs
  9 crocodiles
  10 bullfrogs
  A wyvern skeleton (D:7)
  3 scorpions
  2 water moccasin skeletons
  45 killer bees
  5 howler monkeys
  3 electric eels
  A lava snake (D:10)
  7 crimson imps
  A bullfrog zombie (D:10)
  2 quasits (D:10)
  2 bullfrog skeletons
  4 hounds
  12 orc priests
  A centaur skeleton (D:4)
  3 iguanas
  13 orc wizards
  11 worker ants
  2 hound skeletons
  A worker ant zombie (D:5)
  3 gnolls (D:4)
  15 adders
  3 howler monkey skeletons
  2 shadow imps
  An ooze (D:2)
  An adder zombie (D:6)
  3 adder skeletons
  5 worms
  6 dart slugs
  9 leopard geckos
  47 orcs
  3 ball pythons
  5 giant cockroaches
  5 goblins
  6 hobgoblins
  12 jackals
  5 quokkas
  6 bats
  4 frilled lizards
  9 kobolds
  A quokka skeleton (D:4)
  10 rats
  A fungus (Lair:5)
  2 plants
527 creatures vanquished.

Vanquished Creatures (collateral kills)
  3 orc warriors (Orc:1)
  2 ogres (Orc:1)
  3 orcs (Orc:1)
8 creatures vanquished.

Vanquished Creatures (others)
  A quokka (D:8)
  A bush (Lair:4)
  7 fungi
  19 plants
  12 toadstools (Lair:2)
  6 withered plants (Lair:6)
46 creatures vanquished.

Grand Total: 581 creatures vanquished

Notes
Turn   | Place    | Note
-------+----------+-------------------------------------------
     0 | D:1      | Amnesiac the Mummy Air Elementalist began the quest for the Orb.
     0 | D:1      | Reached XP level 1. HP: 13/13 MP: 4/4
   208 | D:2      | Reached XP level 2. HP: 16/19 MP: 1/5
   243 | D:2      | Learned a level 2 spell: Swiftness
   690 | D:2      | Reached XP level 3. HP: 24/24 MP: 4/7
  1111 | D:4      | Reached XP level 4. HP: 30/30 MP: 7/9
  1253 | D:4      | Learned a level 4 spell: Airstrike
  1478 | D:4      | Reached XP level 5. HP: 24/35 MP: 4/11
  1621 | D:4      | Noticed a wyvern
  1710 | D:4      | Noticed an ogre
  1718 | D:4      | Killed an ogre
  1718 | D:4      | Reached skill level 5 in Air Magic
  1718 | D:4      | Reached XP level 6. HP: 41/41 MP: 6/13
  1953 | D:4      | Reached skill level 5 in Spellcasting
  2305 | D:5      | Entered Level 5 of the Dungeon
  2305 | D:5      | Noticed an ice beast
  2802 | D:5      | Found a staircase to the Ecumenical Temple.
  2880 | Temple   | Entered the Ecumenical Temple
  3084 | Temple   | Became a worshipper of Sif Muna the Loreminder
  3214 | D:4      | Killed a wyvern
  3214 | D:4      | Reached XP level 7. HP: 46/46 MP: 2/15
  4580 | D:3      | Found an iron altar of Okawaru.
  4627 | D:3      | Reached * piety under Sif Muna
  4802 | D:3      | Learned a level 5 spell: Lightning Bolt
  5200 | D:5      | Reached XP level 8. HP: 13/52 MP: 0/18
  5351 | D:5      | Found an ornate altar of the Wu Jian Council.
  5682 | D:5      | Found Laemophy's Antique Weapon Emporium.
  5835 | D:5      | Found a sparkling altar of Nemelex Xobeh.
  6032 | D:6      | Reached ** piety under Sif Muna
  6159 | D:6      | Found a bloodstained altar of Trog.
  6306 | D:6      | Noticed Edmund
  6334 | D:6      | Killed Edmund
  6343 | D:6      | Reached skill level 1 in Conjurations
  6434 | D:6      | Noticed Grinder
  6440 | D:6      | Paralysed by Grinder for 4 turns
  6469 | D:6      | Killed Grinder
  6469 | D:6      | Reached XP level 9. HP: 44/57 MP: 0/21
  6655 | D:6      | Reached *** piety under Sif Muna
  6779 | D:6      | Found a hide-covered altar of Uskayaw.
  6950 | D:7      | Noticed Menkaure
  6953 | D:7      | Killed Menkaure
  7163 | D:7      | Noticed Pikel
  7188 | D:7      | Killed Pikel
  7188 | D:7      | Reached skill level 5 in Conjurations
  8154 | D:8      | Found a shadowy altar of Dithmenos.
  8155 | D:8      | Found a glowing silver altar of Zin.
  8167 | D:8      | Noticed a two-headed ogre
  8195 | D:8      | Killed a two-headed ogre
  8284 | D:8      | Reached **** piety under Sif Muna
  8350 | D:8      | Noticed a queen bee
  8356 | D:8      | Reached XP level 10. HP: 63/63 MP: 7/22
  8384 | D:8      | Found a white marble altar of Elyvilon.
  8595 | D:8      | Found a staircase to the Lair.
  8667 | D:8      | Noticed Erica
  8690 | D:8      | Killed Erica
  9250 | D:8      | Found a shattered altar of Ashenzari.
  9361 | D:9      | Reached ***** piety under Sif Muna
  9361 | D:9      | Identified Sif Muna's Reference Book on Aid and Lightness (Sif Muna gifted it to you on level 9 of the Dungeon)
  9361 | D:9      | Received a gift from Sif Muna
  9382 | D:9      | Learned a level 6 spell: Deflect Missiles
  9389 | D:9      | Learned a level 6 spell: Conjure Ball Lightning
  9706 | D:9      | Noticed a two-headed ogre
  9713 | D:9      | Killed a two-headed ogre
 10159 | D:9      | Reached skill level 1 in Invocations
 10805 | D:9      | Reached XP level 11. HP: 68/68 MP: 1/24
 10940 | D:9      | Found a staircase to the Orcish Mines.
 11201 | Orc:1    | Entered Level 1 of the Orcish Mines
 11201 | Orc:1    | Noticed Erolcha
 11203 | Orc:1    | Noticed an orc high priest
 11206 | Orc:1    | Killed Erolcha
 11522 | D:10     | Entered Level 10 of the Dungeon
 11927 | D:10     | Learned a level 2 spell: Blink
 12069 | D:10     | You fall through a shaft!
 12085 | D:10     | Reached skill level 5 in Invocations
 12117 | D:10     | Learned a level 1 spell: Confusing Touch
 12966 | D:10     | Noticed Sonja
 12969 | D:10     | Killed Sonja
 13525 | D:10     | Killed an unseen horror
 14067 | D:11     | Noticed a brown ugly thing
 14104 | D:10     | Killed a brown ugly thing
 15420 | Lair:1   | Entered Level 1 of the Lair of Beasts
 15603 | Lair:1   | Identified Arroloh's Disquisition on Arcane Weapons (Sif Muna gifted it to you on level 1 of the Lair of Beasts)
 15603 | Lair:1   | Received a gift from Sif Muna
 16049 | Lair:1   | Identified a scroll of acquirement {!r}
 16553 | Lair:2   | Noticed Nergalle
 16560 | Lair:2   | Noticed a spectral orc warlord
 16666 | Lair:2   | Noticed a spectral orc warlord
 16883 | Lair:1   | Killed Nergalle
 16883 | Lair:1   | Reached XP level 12. HP: 74/74 MP: 19/25
 17222 | Lair:2   | Reached skill level 10 in Conjurations
 17453 | Lair:1   | Reached skill level 10 in Spellcasting
 18008 | Lair:2   | Reached skill level 10 in Air Magic
 18273 | Lair:2   | Found a runed door.
 18617 | Lair:2   | Reached skill level 1 in Fighting
 18989 | Lair:2   | Noticed a catoblepas
 18994 | Lair:2   | HP: 3/77 [catoblepas (37)]
 19443 | Lair:2   | Killed a catoblepas
 19585 | Lair:2   | HP: 3/78 [lindwurm/blast of flame (21)]
 20083 | Lair:3   | Found a staircase to the Swamp.
 20106 | Lair:3   | Found a hole to the Spider Nest.
 20513 | Lair:3   | Reached skill level 5 in Dodging
 21319 | Lair:4   | Noticed a seven-headed hydra
 21324 | Lair:4   | Killed a seven-headed hydra
 21803 | Lair:4   | Gained mutation: You are in touch with the powers of death. [Mummy growth]
 21803 | Lair:4   | Reached XP level 13. HP: 81/90 MP: 0/27
 22311 | Lair:5   | Reached skill level 5 in Fighting
 23149 | Lair:5   | Learned a level 7 spell: Orb of Destruction
 24056 | Lair:5   | Found a staircase to the Slime Pits.
 24056 | Lair:5   | Found a viscous altar of Jiyva.
 24914 | Lair:6   | Entered Level 6 of the Lair of Beasts
 26629 | Lair:6   | Identified Sif Muna's Collected Works on Freezing Battle Magic (Sif Muna gifted it to you on level 6 of the Lair of Beasts)
 26629 | Lair:6   | Received a gift from Sif Muna
 27512 | Lair:6   | Found a runed gate.
 27512 | Lair:6   | Found a runed gate.
 27512 | Lair:6   | Found a runed gate.
 27516 | Lair:6   | Noticed PeterMcNeter's ghost (journeyman DDFi)
 27518 | Lair:6   | Noticed Viudeg's ghost (journeyman MiCK)
 28427 | Lair:6   | Reached XP level 14. HP: 108/108 MP: 20/28
 30842 | Lair:5   | Killed PeterMcNeter's ghost
 30962 | Lair:5   | Found a viscous altar of Jiyva.
 30962 | Lair:5   | Found a staircase to the Slime Pits.
 30993 | Lair:5   | Killed Viudeg's ghost
 32170 | Orc:1    | Received a gift from Sif Muna
 32180 | Orc:1    | Noticed an orc warlord
 32193 | Orc:1    | HP: 1/108 [orc warrior/halberd[an orc warlord] (18)]
 32198 | Orc:1    | Killed an orc warlord
 32199 | Orc:1    | Killed from afar by an orc wizard

Vault maps used:
D:1:      lemuel_arrival_tunnels
D:3:      lemuel_doored_altar
D:4:      kennysheep_spiral_hall, first_ration, minmay_divided_ellipse
D:5:      kennysheep_mini_moat, lemuel_crystal_altar, temple_hall, serial_shops,
          shop, st_stairs_7, serial_bayou_lake_a
D:6:      trog_ov_bears_minmay, old_standard_altar, roderic_st_hans_cross,
          uniq_edmund, uniq_grinder
D:7:      uniq_menkaure, uniq_pikel
D:8:      elyvilon_altar_4, kennysheep_little_box,
          chequers_temple_overflow_statue_of_worship, david_lair_shrubbed,
          david_nohive_1, uniq_erica
D:9:      david_orc_4, kennysheep_generic_room_6
D:10:     nicolae_lava_and_water, uniq_sonja
D:11:     minmay_misc_feat_hallway
Temple:   nicolae_temple_figure_eight
Lair:2:   gammafunk_lair_enchanted_lake, infiniplex_staircase_pool_2,
          uniq_nergalle
Lair:3:   minmay_swamp_entry_swarm, spider_nest_entry_web_field,
          nicolae_quartered_pool_little
Lair:5:   slime_altar_1, minmay_lair_drake_nest
Lair:6:   evilmike_catoblepas_cave, gammafunk_ghost_cemetery, special_room,
          serial_bayou_shore_a
Orc:1:    uniq_erolcha

Skill      XL: |  1  2  3  4  5  6  7  8  9 10 11 12 13 |
---------------+----------------------------------------+-----
Air Magic      | 3 4 5 6 8 9 10 | 10.9
Spellcasting   | 3 4 5 6 8 9 10 | 10.8
Conjurations   | 3 7 9 10 | 10.9
Invocations    | 3 8 |  8.5
Dodging        | 6 9 |  9.0
Fighting       | 4 9 |  9.0
Stealth        | |  1.5

Action                   |  1- 3 |  4- 6 |  7- 9 | 10-12 | 13-15 || total
-------------------------+-------+-------+-------+-------+-------++-------
Melee: Staff             |       |       |       |     6 |     1 ||     7
 Fire: Hunting sling     |    26 |    16 |    85 |   104 |    50 ||   281
 Cast: Shock             |    45 |   102 |   119 |       |       ||   266
       Airstrike         |       |     3 |    95 |   437 |   227 ||   762
       Lightning Bolt    |       |       |     7 |    39 |    24 ||    70
       Swiftness         |       |       |     1 |       |     3 ||     4
       Orb of Destructio |       |       |       |       |    79 ||    79
       Deflect Missiles  |       |       |       |       |     2 ||     2
       Blink             |       |       |       |       |     2 ||     2
Invok: Divine Energy     |       |       |     1 |       |       ||     1
       Channel Magic     |       |       |       |     1 |     4 ||     5
Evoke: Wand              |       |       |       |    10 |     2 ||    12
  Use: Scroll            |       |       |    11 |    13 |     8 ||    32
Armor: Robe              |    10 |     5 |    20 |    59 |    33 ||   127
Dodge: Dodged            |    37 |    35 |   102 |   241 |   150 ||   565
       Deflected         |       |       |       |       |     2 ||     2

Table legend:
 A = Non-vault XP
 B = Vault XP
 C = Vault XP percentage of total XP
 D = Non-vault monster count
 E = Vault monster count
 F = Vault count percentage of total count
                 A         B        C        D         E       F
            +---------+---------+-------+---------+---------+-------
      Total |   51370 |   30578 |  37.3 |     403 |     125 |  23.7
            +---------+---------+-------+---------+---------+-------
        D:1 |      50 |       0 |   0.0 |      26 |       0 |   0.0
        D:2 |     114 |       0 |   0.0 |      28 |       0 |   0.0
        D:3 |     109 |       0 |   0.0 |      27 |       0 |   0.0
        D:4 |     244 |     553 |  69.4 |      15 |      15 |  50.0
        D:5 |     724 |       0 |   0.0 |      17 |       0 |   0.0
        D:6 |     711 |     738 |  50.9 |      20 |       4 |  16.7
        D:7 |     231 |     832 |  78.3 |       3 |       2 |  40.0
        D:8 |    1590 |    2475 |  60.9 |      16 |      17 |  51.5
        D:9 |    2384 |     692 |  22.5 |      29 |      15 |  34.1
       D:10 |    3775 |     835 |  18.1 |      39 |       1 |   2.5
       D:11 |    2469 |       0 |   0.0 |      27 |       0 |   0.0
     Lair:1 |    2817 |    1066 |  27.5 |      13 |       2 |  13.3
     Lair:2 |    3644 |    3147 |  46.3 |      25 |      10 |  28.6
     Lair:3 |    4018 |     694 |  14.7 |      15 |       4 |  21.1
     Lair:4 |    5664 |       0 |   0.0 |      21 |       0 |   0.0
     Lair:5 |    7239 |    4479 |  38.2 |      25 |       7 |  21.9
     Lair:6 |   11846 |   14057 |  54.3 |      32 |      47 |  59.5
      Orc:1 |    3741 |    1010 |  21.3 |      25 |       1 |   3.8
            +---------+---------+-------+---------+---------+-------
